 Dungeon Crawl Stone Soup version 0.24.0-13-gcf9b319 (webtiles) character file.

Game seed: 6053614351061873482, levelgen mode: deterministic

69 Fang the Skirmisher (level 4, -1/29 HPs)
             Began as a Gargoyle Berserker on Nov 18, 2019.
             Was a Believer of Trog.
             Slain by Sigmund
             ... wielding a +0 scythe
              (6 damage)
             ... on level 2 of the Dungeon.
             The game lasted 00:00:44 (1170 turns).

Fang the Skirmisher (Gargoyle Berserker)            Turns: 1170, Time: 00:00:45

Health: -1/29      AC:  5    Str: 21    XL:     4   Next: 20%
Magic:  4/4        EV: 12    Int:  8    God:    Trog [**....]
Gold:   127        SH:  0    Dex:  9    Spells: 3/3 levels left

rFire    . . .     SeeInvis .   a - +0 hand axe
rCold    . . .     Gourm    .   (no shield)
rNeg     + . .     Faith    .   b - +0 animal skin
rPois    ∞         Spirit   .   (no helmet)
rElec    +         Reflect  .   (no cloak)
rCorr    .         Harm     .   (no gloves)
MR       .....                  (no boots)
Stlth    +.........             (no amulet)
HPRegen  0.09/turn              (no ring)
MPRegen  0.09/turn              (no ring)

@: confused
A: negative energy resistance 1, electricity resistance, unbreathing,
petrification resistance, rot immunity, AC +3
a: Berserk, Trog's Hand, Renounce Religion


You were on level 2 of the Dungeon.
You worshipped Trog.
Trog was pleased with you.
You were not hungry.

You visited 1 branch of the dungeon, and saw 2 of its levels.

You collected 127 gold pieces.

Inventory:

Hand Weapons
 a - a +0 hand axe (weapon)
Armour
 b - a +0 animal skin (worn)
Jewellery
 j - an uncursed amulet of faith {unknown}
Scrolls
 g - a scroll of fog {unknown}
 h - a scroll of fear {unknown}
Potions
 d - 2 potions of lignification {unknown}
 e - 2 potions of agility {unknown}
 f - 4 potions of curing {unknown}
 k - a potion of magic {unknown}
Comestibles
 c - 5 rations


   Skills:
 + Level 3.9 Fighting
 + Level 3.2 Axes
 + Level 3.0 Armour
 + Level 2.2 Dodging


You had 3 spell levels left.
You didn't know any spells.
Your spell library was empty.

Dungeon Overview and Level Annotations

Branches:
Dungeon (2/15)

Altars:

Annotations:
D:2 Sigmund


Innate Abilities, Weirdness & Mutations

You are resistant to torment.
Your stone body is resilient. (AC +3)
You are immune to poison.
You resist negative energy. (rN+)
You are resistant to electric shocks. (rElec)
You can survive without breathing.
You are immune to petrification.
You are immune to rotting.


Message History

You are too confused!
You are too confused!
You are too confused!
You bump into the rock wall.
The jackal bites you but does no damage.
Something hits you!
You bump into the rock wall.
The jackal closely misses you. The jackal bites you.
You bump into the rock wall.
Something completely misses you. The jackal bites you.
You bump into the rock wall.
The jackal bites you but does no damage.
A magic dart appears from out of thin air!
The magic dart hits you.
* * * LOW HITPOINT WARNING * * *
The jackal misses you.
You bump into the rock wall.
The jackal closely misses you.
You bump into the rock wall.
The jackal closely misses you. The jackal misses you. Something hits you.
You die...

. #.......# .. #.......#
.##.......# .'.......#
#..(....## #..†...?.# #{#
#h# #@# #.# ### #.# ####.#
#.# #....# #.# #.##.# #.#
##.##.#####.#
#.......[...########## #
#..##.#####..........#######


You could see a jackal.

Vanquished Creatures
  An orc wizard (D:2)
  3 dart slugs
  2 orcs (D:2)
  A giant cockroach (D:2)
  4 goblins
  2 hobgoblins (D:1)
  8 jackals
  A bat (D:1)
  4 frilled lizards (D:1)
  A kobold (D:1)
  3 rats (D:1)
30 creatures vanquished.

Notes
Turn   | Place    | Note
-------+----------+-------------------------------------------
     0 | D:1      | Fang the Gargoyle Berserker began the quest for the Orb.
     0 | D:1      | Reached XP level 1. HP: 14/14 MP: 1/1
    91 | D:1      | Reached XP level 2. HP: 19/19 MP: 2/2
   807 | D:2      | Reached XP level 3. HP: 24/24 MP: 3/3
   915 | D:2      | Reached ** piety under Trog
   915 | D:2      | Reached XP level 4. HP: 16/29 MP: 4/4
  1156 | D:2      | Noticed Sigmund
  1170 | D:2      | Slain by Sigmund

Levels and vault maps discovered:
D:1:      dpeg_arrival_brainrot, layout_basic, minmay_unequal
D:2:      layout_basic, first_ration, uniq_sigmund

Skill      XL: |  1  2  3  4 |
---------------+-------------+-----
Axes           | 3 |  3.2
Dodging        | 2 |  2.2
Armour         | 3 |  3.0
Fighting       | |  3.9

Action                   |  1- 3 |  4- 6 || total
-------------------------+-------+-------++-------
Melee: Hand axe          |    92 |    16 ||   108
 Stab: Sleeping          |     3 |       ||     3
  Eat: Chunk             |       |     1 ||     1
Armor: Animal skin       |    34 |    16 ||    50
Dodge: Dodged            |    69 |    26 ||    95
